 Dungeon Crawl Stone Soup version 0.24.0-29-g8ce449bc06 (webtiles) character file.

Game seed: 6159234145865432217, levelgen mode: deterministic

240 Flugslaktarn the Chopper (level 5, -3/49 HPs)
             Began as a Deep Dwarf Fighter on Nov 13, 2019.
             Slain by an ogre
             ... wielding a +0 giant club
              (14 damage)
             ... on level 4 of the Dungeon.
             The game lasted 00:00:47 (742 turns).

Flugslaktarn the Chopper (Deep Dwarf Fighter)        Turns: 742, Time: 00:00:48

Health: -3/49      AC: 13    Str: 20    XL:     5   Next: 79%
Magic:  5/5        EV:  5    Int:  9    God:
Gold:   75         SH:  9    Dex: 12    Spells: 4/4 levels left

rFire    . . .     SeeInvis .   a - +0 war axe
rCold    . . .     Gourm    .   c - +0 shield
rNeg     . . .     Faith    .   o - +1 chain mail of Limitation {-Tele rElec MR+ Stlth+}
rPois    .         Spirit   .   (no helmet)
rElec    +         Reflect  .   (no cloak)
rCorr    .         Harm     .   n - +0 pair of gloves (curse)
MR       +....     NoTele   +   b - +1 pair of boots
Stlth    ..........             (no amulet)
HPRegen  0.00/turn              (no ring)
MPRegen  0.09/turn              (no ring)

@: non-regenerating
A: damage resistance, heal wounds, sense surroundings 1, no regeneration
a: Heal Wounds


You were on level 4 of the Dungeon.
You were not hungry.

You visited 1 branch of the dungeon, and saw 4 of its levels.

You collected 75 gold pieces.

Inventory:

Hand Weapons
 a - a +0 war axe (weapon)
Armour
 b - a +1 pair of boots (worn)
   (You found it on level 2 of the Dungeon)
 c - a +0 shield (worn)
 l - a +0 plate armour
   (You found it on level 2 of the Dungeon)
 n - a cursed +0 pair of gloves (worn)
   (You found it on level 4 of the Dungeon)
 o - the +1 chain mail of Limitation (worn) {-Tele rElec MR+ Stlth+}
   (You found it on level 4 of the Dungeon)

   It insulates you from electricity.
   It affects your resistance to hostile enchantments.
   It prevents most forms of teleportation.
   It makes you more stealthy.
Scrolls
 g - 3 scrolls of identify {unknown}
 k - a scroll of blinking {unknown}
 m - a scroll of remove curse {unknown}
Potions
 d - a potion of might
 h - 2 potions of curing {unknown}
 i - a potion of lignification {unknown}
 j - a potion of flight {unknown}
Comestibles
 e - 6 rations
 f - a chunk of flesh


   Skills:
 + Level 3.6 Fighting
 * Level 4.5 Axes
 + Level 4.3 Armour
 + Level 4.3 Shields


You had 4 spell levels left.
You didn't know any spells.
Your spell library was empty.

Dungeon Overview and Level Annotations

Branches:
Dungeon (4/15)
 Temple: D:4-7

Altars:
Cheibriados
Wu Jian

Annotations:
D:4 Dowan, Duvessa


Innate Abilities, Weirdness & Mutations

You are resistant to damage.
You can heal yourself by infusing magical energy.
You passively map a small area around you.
You do not regenerate.


Message History

Duvessa is heavily wounded.
Your shield prevents you from hitting Dowan.
You block Dowan's attack. Duvessa hits you but does no damage.
Dowan casts a spell.
Dowan blinks!
Duvessa hits you but does no damage. The ogre closely misses you.
You slash Duvessa!
Duvessa is severely wounded.
You hit the ogre. You block Duvessa's attack.
Your chain mail of Limitation prevents you from hitting Duvessa.
Duvessa is severely wounded.
You hit the ogre. The ogre completely misses you. You block Duvessa's attack.
You hit Duvessa but do no damage.
Duvessa is severely wounded.
Your chain mail of Limitation prevents you from hitting the ogre.
The ogre hits you with a +0 giant club!
* * * LOW HITPOINT WARNING * * *
Dowan mumbles some strange words.
Dowan blinks!
You block Duvessa's attack. The ogre hits you with a +0 giant club!
You die...

..######....#.............
* * ####........#...... *
, ###.......##..... , ,
#.........###...# , .##
#.#......## #####
,..ยง<####........# * * ,
##.......#......# , , *
.....e..######### , * ,
###....@# ** * * ,
#..##Oe...... .....
##....... .... ....... , ,
..., , *....... ,, ...
....... , *....... , *
*....... , *


You could see Duvessa, an ogre and Dowan.

Vanquished Creatures
  A phantom (D:4)
  A crimson imp (D:4)
  2 worker ants (D:4)
  3 adders
  An adder zombie (D:3)
  A dart slug (D:1)
  3 leopard geckos
  4 orcs (D:3)
  A ball python (D:4)
  3 giant cockroaches
  2 goblins (D:1)
  4 hobgoblins
  3 jackals (D:1)
  2 kobolds
  3 bats
  2 frilled lizards
  2 rats
38 creatures vanquished.

Notes
Turn   | Place    | Note
-------+----------+-------------------------------------------
     0 | D:1      | Flugslaktarn the Deep Dwarf Fighter began the quest for the
                  | Orb.
     0 | D:1      | Reached XP level 1. HP: 20/20 MP: 1/1
    19 | D:1      | Reached XP level 2. HP: 24/27 MP: 2/2
   235 | D:2      | Reached XP level 3. HP: 29/34 MP: 3/3
   432 | D:3      | Reached XP level 4. HP: 27/42 MP: 4/4
   519 | D:4      | Noticed a phantom
   539 | D:4      | Found an ornate altar of the Wu Jian Council.
   574 | D:4      | Killed a phantom
   574 | D:4      | Reached XP level 5. HP: 34/49 MP: 5/5
   664 | D:4      | Got a polished chain mail
   675 | D:4      | Identified the +1 chain mail of Limitation {-Tele rElec MR+
                  | Stlth+} (You found it on level 4 of the Dungeon)
   718 | D:4      | Found a snail-covered altar of Cheibriados.
   733 | D:4      | Noticed Duvessa
   734 | D:4      | Noticed Dowan
   734 | D:4      | Noticed an ogre
   742 | D:4      | Slain by an ogre

Levels and vault maps discovered:
D:1:      lightli_arrival_lavapool, layout_rooms
D:2:      layout_basic, yredelemnul_forgotten_temple_becter
D:3:      layout_rooms, tso_altar, zin_statuary, elyvilon_altar_1, first_ration,
          roderic_batcave, uniq_sigmund
D:4:      layout_rooms, lemuel_crystal_altar, lemuel_crystal_altar, uniq_duvessa

Skill      XL: |  1  2  3  4 |
---------------+-------------+-----
Fighting       | 3 |  3.6
Axes           | 3 4 |  4.5
Armour         | 4 |  4.3
Shields        | 4 |  4.3

Action                   |  1- 3 |  4- 6 || total
-------------------------+-------+-------++-------
Melee: War axe           |    82 |    78 ||   160
 Abil: Heal Wounds       |       |     2 ||     2
Armor: Scale mail        |    24 |       ||    24
       Plate armour      |    39 |    42 ||    81
       Chain mail        |       |     4 ||     4
Dodge: Dodged            |    21 |    13 ||    34
Block: Shield            |    57 |    38 ||    95
